 Dungeon Crawl Stone Soup version 0.25-b1-29-g4cfa5c7bda (webtiles) character file.

Game seed: 6357829501764414002, levelgen mode: deterministic

1519 Curus the Basher (level 8, -1/64 HPs)
             Began as a Minotaur Fighter on June 3, 2020.
             Was a Follower of Okawaru.
             Killed from afar by Dowan (17 damage)
             ... with a shard of ice
             ... on level 6 of the Dungeon.
             The game lasted 00:25:25 (4805 turns).

Curus the Basher (Minotaur Fighter)                 Turns: 4805, Time: 00:25:25

Health: -1/64      AC:  9    Str: 21    XL:     8   Next: 54%
Magic:  6/6        EV:  5    Int:  7    God:    Okawaru [*.....]
Gold:   267        SH: 12    Dex: 18    Spells: 7/7 levels left

rFire    . . .     SeeInvis .   n - +1 morningstar
rCold    + + .     Gourm    .   c - +2 kite shield
rNeg     . . .     Faith    .   q - +0 chain mail
rPois    .         Spirit   .   (helmet restricted)
rElec    .         Reflect  .   (no cloak)
rCorr    .         Harm     .   (no gloves)
MR       .....                  (no boots)
Stlth    ..........             (no amulet)
HPRegen  0.20/turn              w - +6 ring of dexterity
MPRegen  0.10/turn              k - ring of protection from cold

@: mighty
A: retaliatory headbutt, horns 2, agile 1, cold resistance 1, low mp 1
a: Heroism, Renounce Religion


You were on level 6 of the Dungeon.
You worshipped Okawaru.
Okawaru was aware of your devotion.
You were very hungry.

You visited 2 branches of the dungeon, and saw 7 of its levels.

You collected 267 gold pieces.

Inventory:

Hand Weapons
 a - a +0 flail
 n - a +1 morningstar (weapon)
 u - a +3 vorpal dire flail
Armour
 b - a +0 scale mail
 c - a +2 kite shield (worn)
 q - a +0 chain mail (worn)
Jewellery
 j - a +6 ring of strength
 k - a ring of protection from cold (right hand)
 w - a +6 ring of dexterity (left hand)
Wands
 g - a wand of acid (6)
 s - a wand of flame (32)
 t - a wand of random effects (10)
Scrolls
 h - 3 scrolls of amnesia
 i - 4 scrolls of remove curse
 l - 4 scrolls of identify
 p - 2 scrolls of fog
Potions
 e - 4 potions of curing
 m - a potion of magic
 o - a potion of flight
 v - a potion of stabbing
Comestibles
 f - 9 rations


   Skills:
 - Level 3.6 Fighting
 + Level 12.6 Maces & Flails
 - Level 3.6 Armour
 - Level 3.6 Shields


You had 7 spell levels left.
You didn't know any spells.
Your spell library contained the following spells:

 Spells                   Type           Power        Failure   Level  Hunger
 Foxfire                  Conj/Fire      #...         100%        1    ##.....
 Magic Dart               Conj           #...         100%        1    ##.....
 Blink                    Tloc           N/A          100%        2    ###....
 Call Imp                 Summ           #.......     100%        2    ###....
 Slow                     Hex            #.......     100%        2    ###....
 Conjure Flame            Conj/Fire      #.......     100%        3    ####...
 Inner Flame              Hex/Fire       #.......     100%        3    ####...
 Mephitic Cloud           Conj/Pois/Air  #.......     100%        3    ####...
 Sticky Flame             Conj/Fire      #.......     100%        4    #####..
 Fireball                 Conj/Fire      #.........   100%        5    ######.


Dungeon Overview and Level Annotations

Branches:
Dungeon (6/15)             Temple (1/1) D:4

Altars:
Ashenzari
Fedhas
Gozag
Hepliaklqana
Makhleb
Nemelex Xobeh
Okawaru
Vehumet
The Shining One

Annotations:
D:6 Dowan


Innate Abilities, Weirdness & Mutations

You reflexively headbutt those who attack you in melee.
You have a pair of horns on your head.
You are agile. (Dex +2)
Your flesh is cold resistant. (rC+)
Your magical capacity is low. (-10% MP)


Message History

You closely miss Dowan. Your headbutt misses Dowan. Dowan barely misses you.
You furiously retaliate!
You headbutt Dowan! You block the phantom's attack.
You hit Dowan.
Dowan is almost dead.
Dowan barely misses you. The phantom hits you.
* * * LOW HITPOINT WARNING * * *
Dowan barely misses you.
You closely miss Dowan.
Dowan is almost dead.
Dowan hits you but does no damage.
The phantom hits you but does no damage.
Your shield and chain mail prevent you from hitting Dowan.
Dowan is almost dead.
Dowan gestures wildly while chanting.
Dowan blinks!
You block the phantom's attack.
You closely miss Dowan.
Dowan is almost dead.
Dowan points at you and mumbles some strange words.
The shard of ice hits you! You partially resist.
You die...

........
......... ##
.#........ .##
.........##..# .
#.#.#.......##..
#...............
#............#
#...e@......##
#...))W.......
#.....).......
#...)......###
#...#...##.#
#...###..# .#
#....##..#. #
##..........
##............


You could see a phantom and Dowan (fast).

Vanquished Creatures
  A wyvern (D:6)
  Eustachio (D:4)
  Edmund (D:5)
  Menkaure (D:4)
  Duvessa (D:6)
  An ice beast (D:5)
  2 phantoms (D:5)
  An ogre (D:3)
  A necrophage (D:6)
  A howler monkey (D:4)
  2 orc priests
  2 orc wizards
  Terence (D:2)
  Natasha (thrice) (D:2)
  An iguana (D:5)
  2 worker ants (D:5)
  5 adders
  3 oozes
  3 worms
  4 leopard geckos
  11 orcs
  2 ball pythons
  4 giant cockroaches
  6 goblins
  6 hobgoblins
  4 jackals
  2 quokkas
  6 bats
  2 frilled lizards
  3 kobolds
  A leopard gecko skeleton (D:4)
  A quokka skeleton (D:4)
  12 rats
97 creatures vanquished.

Notes
Turn   | Place    | Note
-------+----------+-------------------------------------------
     0 | D:1      | Curus the Minotaur Fighter began the quest for the Orb.
     0 | D:1      | Reached XP level 1. HP: 19/19 MP: 0/0
   149 | D:1      | Reached skill level 3 in Maces & Flails
   255 | D:1      | Reached XP level 2. HP: 26/26 MP: 1/1
   338 | D:1      | You fall into a shaft and drop 1 floor!
   338 | D:2      | Found a hazy altar of Hepliaklqana.
   366 | D:2      | Found a faded altar of an unknown god.
   483 | D:1      | Reached skill level 4 in Maces & Flails
   726 | D:1      | Reached XP level 3. HP: 31/31 MP: 2/2
   845 | D:2      | Noticed Natasha
   850 | D:2      | Killed Natasha
   963 | D:2      | Noticed Natasha
   969 | D:2      | Killed Natasha
   969 | D:2      | Reached skill level 5 in Maces & Flails
   969 | D:2      | Reached XP level 4. HP: 39/39 MP: 3/3
  1098 | D:2      | Noticed Terence
  1112 | D:2      | Killed Terence
  1323 | D:2      | Noticed Natasha
  1333 | D:2      | Killed Natasha
  1333 | D:2      | Reached skill level 6 in Maces & Flails
  1594 | D:2      | Reached XP level 5. HP: 45/45 MP: 4/4
  1645 | D:2      | Found a glowing golden altar of the Shining One.
  1800 | D:2      | Found a blossoming altar of Fedhas.
  1924 | D:3      | Found an opulent altar of Gozag.
  2117 | D:3      | Noticed an ogre
  2125 | D:3      | Killed an ogre
  2125 | D:3      | Reached skill level 7 in Maces & Flails
  2418 | D:3      | Reached XP level 6. HP: 38/51 MP: 5/5
  2529 | D:3      | Gained mutation: You are agile. (Dex +2) [potion of
                  | mutation]
  2529 | D:3      | Gained mutation: Your magical capacity is low. (-10% MP)
                  | [potion of mutation]
  2529 | D:3      | Gained mutation: Your flesh is cold resistant. (rC+)
                  | [potion of mutation]
  2877 | D:4      | Reached skill level 8 in Maces & Flails
  2924 | D:4      | Noticed Eustachio
  2948 | D:4      | Killed Eustachio
  2948 | D:4      | Reached skill level 9 in Maces & Flails
  2948 | D:4      | Reached XP level 7. HP: 51/57 MP: 5/5
  2999 | D:4      | Found a staircase to the Ecumenical Temple.
  3006 | Temple   | Entered the Ecumenical Temple
  3016 | Temple   | Became a worshipper of Warmaster Okawaru
  3059 | D:4      | Found a burning altar of Makhleb.
  3060 | D:4      | Noticed Menkaure
  3070 | D:4      | Killed Menkaure
  3777 | D:4      | Found a radiant altar of Vehumet.
  4123 | D:5      | Entered Level 5 of the Dungeon
  4142 | D:5      | Reached skill level 10 in Maces & Flails
  4158 | D:5      | Noticed Edmund
  4166 | D:5      | Killed Edmund
  4322 | D:5      | Reached * piety under Okawaru
  4322 | D:5      | Reached skill level 11 in Maces & Flails
  4424 | D:5      | Reached XP level 8. HP: 64/64 MP: 6/6
  4708 | D:6      | Noticed Duvessa
  4708 | D:6      | Noticed Dowan
  4778 | D:6      | Reached skill level 12 in Maces & Flails
  4799 | D:6      | Killed Duvessa
  4805 | D:6      | Killed from afar by Dowan

Illustrated notes

Levels and vault maps discovered:
D:1:      psy_arrival_conway, layout_rooms, minmay_parallelograms
D:2:      layout_loops_ring, nicolae_overflow_crystal_walls,
          nicolae_tso_swordbearing_angel, fedhas_altar_4,
          chequers_ecumenical_altar_simple, uniq_terence, uniq_natasha
D:3:      layout_basic, nicolae_gozag_cash_rules_everything_around_me,
          hangedman_decor_lopped
D:4:      layout_basic, old_standard_altar, vehumet_altar_wand_db,
          minmay_temple_entry_nine_rooms, minmay_door_square,
          hangedman_abyss_or_decor_stabs, uniq_eustachio, uniq_menkaure
D:5:      layout_cave_pools, first_ration, corexii_hall_statues_i, uniq_edmund
D:6:      layout_rooms, nicolae_overflow_hidden_temple, uniq_duvessa
Temple:   compressed_dpeg_triangle_lava_temple

Skill      XL: |  1  2  3  4  5  6  7  8 |
---------------+-------------------------+-----
Maces & Flails | 3 4 5 6 7 9 11 12 | 12.6
Fighting       | |  3.6
Armour         | |  3.6
Shields        | |  3.6

Action                   |  1- 3 |  4- 6 |  7- 9 || total
-------------------------+-------+-------+-------++-------
Melee: Flail             |    64 |    99 |       ||   163
       Headbutt          |     9 |    21 |    22 ||    52
       Morningstar       |       |    41 |   100 ||   141
Evoke: Wand              |       |     1 |       ||     1
  Use: Scroll            |     3 |     3 |     3 ||     9
       Potion            |     4 |     6 |     2 ||    12
 Stab: Distracted        |       |     1 |       ||     1
  Eat: Chunk             |       |     3 |     5 ||     8
       Ration            |       |     1 |       ||     1
Armor: Scale mail        |    18 |    23 |       ||    41
       Chain mail        |       |    18 |    23 ||    41
Dodge: Dodged            |     7 |    38 |    22 ||    67
Block: Kite shield       |    25 |    55 |    38 ||   118
